 Dungeon Crawl Stone Soup version 0.20-a0-971-g5896763 (webtiles) character file.

1466 Gorglomux the Zephyrmancer (level 8, 0/41 HPs)
             Began as a Tengu Air Elementalist on Apr 8, 2017.
             Splashed by a centaur's acid (9 damage)
             ... on level 6 of the Dungeon.
             The game lasted 00:18:27 (6451 turns).

Gorglomux the Zephyrmancer (Tengu Air Elementalist) Turns: 6451, Time: 00:18:28

Health: 0/41       AC:  3    Str:  9    XL:     8   Next: 77%
Magic:  9/17       EV: 12    Int: 18    God:
Gold:   195        SH:  0    Dex: 14    Spells: 5/18 levels left

rFire    . . .     SeeInvis .   e - +0 spear (flame)
rCold    . . .     Gourm    .   (no shield)
rNeg     . . .     Faith    +   a - +0 robe
rPois    .         Spirit   .   (helmet restricted)
rElec    .         Reflect  .   v - +1 cloak
rCorr    .         Harm     .   (no gloves)
MR       +....                  (boots unavailable)
Stlth    ++........             s - amulet of faith
Regen    0.2/turn               m - ring of protection from magic
MPRegen  0.2/turn               q - +3 ring of protection

@: corroded
A: beak, talons 3, able to fly 1
a: Fly


You were on level 6 of the Dungeon.
You were not hungry.

You visited 1 branch of the dungeon, and saw 6 of its levels.

You collected 195 gold pieces.

Inventory:

Hand Weapons
 e - a +0 spear of flaming (weapon)
Armour
 a - a +0 robe (worn)
 v - a +1 cloak (worn)
Magical Staves
 x - an uncursed staff of wizardry
Jewellery
 g - an uncursed ring of resist corrosion
 m - a ring of protection from magic (left hand)
 n - an uncursed ring of ice
 q - a +3 ring of protection (right hand)
 s - an amulet of faith (around neck)
Wands
 I - a wand of iceblast (6/15)
Scrolls
 j - a scroll of fog
 u - a scroll of random uselessness {unknown}
 M - 2 scrolls of magic mapping
 R - a scroll of remove curse
 S - a scroll of teleportation {unknown}
 U - a scroll of blinking {unknown}
 W - a scroll of immolation
 X - a scroll of noise {unknown}
 Z - a scroll of enchant weapon {unknown}
Potions
 f - 6 potions of curing
 Q - a potion of haste
 T - a potion of cancellation
 V - a potion of mutation
Books
 b - a book of Air

   Spells                             Type                      Level
   a - Shock                          Conjuration/Air              1
   b - Swiftness                      Charms/Air                   2
   c - Static Discharge               Conjuration/Air              3
   d - Airstrike                      Air                          4
   e - Lightning Bolt                 Conjuration/Air              5
 z - a book of Changes

   Spells                             Type                      Level
   a - Beastly Appendage              Transmutation                1
   b - Sticks to Snakes               Transmutation                2
   c - Spider Form                    Transmutation/Poison         3
   d - Ice Form                       Ice/Transmutation            4
   e - Blade Hands                    Transmutation                5
Comestibles
 c - 2 bread rations
 w - 2 meat rations
 Y - a chunk of flesh


   Skills:
 - Level 2.1 Dodging
 - Level 2.0 Stealth
 + Level 5.7 Spellcasting
 + Level 8.2 Conjurations
 + Level 9.0 Air Magic


You had 5 spell levels left.
You knew the following spells:

 Your Spells              Type           Power        Failure   Level  Hunger
a - Shock                 Conj/Air       ####         1%          1    None
b - Airstrike             Air            #####.....   3%          4    ####...
c - Static Discharge      Conj/Air       #####...     1%          3    ##.....
d - Lightning Bolt        Conj/Air       #####.....   12%         5    #####..


Dungeon Overview and Level Annotations

Branches:
Dungeon (6/15)
 Temple: D:4-7

Altars:
Ashenzari
Dithmenos
Fedhas
Hepliaklqana
Ru
Wu Jian
Yredelemnul


Innate Abilities, Weirdness & Mutations

You have a beak for a mouth.
You have claws for feet.
You can fly.


Message History

Press: ? - help, Dir - move target cursor, f - centaur
Aim: a centaur (hasn't noticed you)
The air twists around and strikes the centaur!
The centaur shouts!
The centaur is moderately wounded.
The centaur zaps a wand.
The bolt of acid hits you!
You are splashed with acid!
The acid burns!
It is a wand of acid (?/15).
Casting: Airstrike
Confirm with . or Enter, or press ? or * to list all spells.
Aiming: Airstrike
Press: ? - help, Dir - move target cursor, f/p - centaur
Aim: a centaur, carrying a wand of acid (?/15) {zapped: 1} (moderately wounded)
The air twists around and strikes the centaur!
The centaur is severely wounded.
The centaur wields a runed shortbow.
It bursts into flame!
The centaur shoots an arrow.
The arrow barely misses you.
The centaur zaps a wand.
The bolt of acid hits you!
* * * LOW HITPOINT WARNING * * *
The acid corrodes you!
You are splashed with acid!
The acid burns!
You die...

........#
####....#..#
........##
...#.....
.........#
.#####.##
>......#.# .
# .>.....#.#
#.
.......#.##
.......#..#
.......##.#
###.#.# #@#
#..# .#...
#. #.c.. #.
#.#..# #. .#
.# #. # > ##


You could see a centaur.

Vanquished Creatures
  The ghost of Tux the Thaumaturge, a novice DECj of Sif Muna (D:5)
  Sigmund (D:5)
  Edmund (D:5)
  A water moccasin zombie (D:5)
  A howler monkey (D:5)
  4 wights (D:4)
  3 jellies (D:5)
  3 crimson imps (D:5)
  2 bullfrog skeletons (D:5)
  3 orc priests
  2 orc wizards
  2 iguanas (D:4)
  2 worker ants
  A worker ant zombie (D:5)
  6 adders
  4 gnolls (D:3)
  An ooze (D:2)
  2 adder skeletons (D:4)
  5 worms
  2 dart slugs
  5 leopard geckos
  9 orcs
  A ball python (D:3)
  6 bats
  5 giant cockroaches
  9 goblins
  5 hobgoblins
  4 jackals
  4 kobolds
  A quokka (D:5)
  2 frilled lizards
  A quokka skeleton (D:5)
  6 rats
105 creatures vanquished.

Notes
Turn   | Place    | Note
-------+----------+-------------------------------------------
     0 | D:1      | Gorglomux the Tengu Air Elementalist began the quest for the Orb.
     0 | D:1      | Reached XP level 1. HP: 10/10 MP: 4/4
   389 | D:1      | Reached XP level 2. HP: 15/15 MP: 1/6
  1133 | D:1      | Reached XP level 3. HP: 19/19 MP: 2/7
  1140 | D:1      | You fall through a shaft!
  1386 | D:2      | Reached skill level 3 in Conjurations
  1523 | D:2      | Reached skill level 5 in Air Magic
  1523 | D:2      | Reached XP level 4. HP: 24/24 MP: 3/8
  1734 | D:2      | Found a basalt altar of Yredelemnul.
  1750 | D:2      | Found a hazy altar of Hepliaklqana.
  1782 | D:2      | Found a shattered altar of Ashenzari.
  1804 | D:2      | Found an ornate altar of the Wu Jian Council.
  1900 | D:2      | Learned a level 4 spell: Airstrike
  1904 | D:2      | Learned a level 3 spell: Static Discharge
  2390 | D:3      | Gained mutation: You can fly. [Tengu growth]
  2390 | D:3      | Reached XP level 5. HP: 21/28 MP: 7/10
  2566 | D:3      | Reached skill level 3 in Spellcasting
  2907 | D:3      | Found a sacrificial altar of Ru.
  4036 | D:5      | Entered Level 5 of the Dungeon
  4045 | D:5      | Reached skill level 6 in Air Magic
  4045 | D:5      | Reached XP level 6. HP: 22/32 MP: 1/12
  4135 | D:5      | Noticed Edmund
  4370 | D:5      | Noticed Tux's ghost (novice DECj)
  4575 | D:5      | Found a shadowy altar of Dithmenos.
  4801 | D:4      | Reached XP level 7. HP: 24/36 MP: 9/14
  4900 | D:4      | Learned a level 5 spell: Lightning Bolt
  5006 | D:4      | Reached skill level 7 in Air Magic
  5279 | D:4      | Reached skill level 6 in Conjurations
  5464 | D:5      | Killed Tux's ghost
  5464 | D:5      | Reached XP level 8. HP: 37/41 MP: 2/16
  5564 | D:5      | Reached skill level 8 in Air Magic
  5882 | D:5      | Found a shadowy altar of Dithmenos.
  5898 | D:5      | Noticed Sigmund
  5903 | D:5      | Killed Sigmund
  6042 | D:5      | Found a blossoming altar of Fedhas.
  6120 | D:5      | Killed Edmund
  6270 | D:5      | Reached skill level 9 in Air Magic
  6451 | D:6      | Splashed by a centaur's acid

Vault maps used:
D:1:      minmay_arrival_stair_chambers
D:2:      grunt_temple_overflow_cloverleaf, serial_glass, glass_columns_c,
          glass_columns_c, feat_on_display, minmay_strange_pillars,
          due_unseen_surprise, item_on_display_a, minmay_domino_2
D:3:      lemuel_coloured_pillars_altar
D:4:      first_bread
D:5:      grunt_dithmenos_smoke, basic_altar, fedhas_altar_4, uniq_sigmund,
          uniq_edmund
D:6:      old_standard_altar, overflow_temple_1_default,
          nicolae_ossuary_entry_monument, minmay_statues_item,
          corexii_corridor_pit, kennysheep_generic_room_8

Skill      XL: |  1  2  3  4  5  6  7  8 |
---------------+-------------------------+-----
Conjurations   | 2 3 4 5 6 8 |  8.2
Air Magic      | 5 6 7 9 |  9.0
Spellcasting   | 3 4 5 |  5.7
Dodging        | |  2.1
Stealth        | |  2.0

Action                   |  1- 3 |  4- 6 |  7- 9 || total
-------------------------+-------+-------+-------++-------
Melee: Spear             |    12 |    15 |     2 ||    29
       Peck              |     2 |     4 |     5 ||    11
       Kick              |     2 |     1 |     4 ||     7
       Staff             |       |     8 |    23 ||    31
 Cast: Shock             |    58 |   135 |    78 ||   271
       Static Discharge  |       |     2 |     1 ||     3
       Airstrike         |       |     6 |    10 ||    16
       Lightning Bolt    |       |       |     7 ||     7
  Use: Scroll            |       |     2 |     9 ||    11
       Potion            |       |       |     1 ||     1
 Stab: Distracted        |     1 |       |       ||     1
  Eat: Chunk             |     3 |    10 |     5 ||    18
       Fruit             |       |     2 |       ||     2
       Royal jelly       |       |       |     2 ||     2
Armor: Robe              |    10 |    13 |    13 ||    36
Dodge: Dodged            |    16 |    40 |    36 ||    92
